 Dungeon Crawl Stone Soup version 0.32-a0-18-g89e19f1974 (webtiles) character file.

Game seed: 2907155539804755584

8180 zenocrate the Covert (level 11, -6/47 HPs)
             Began as a Vine Stalker Enchanter on Jan 16, 2024.
             Was an Initiate of Gozag.
             Mangled by a komodo dragon (28 damage)
             ... on level 1 of the Lair of Beasts.
             The game lasted 00:15:54 (10713 turns).

zenocrate the Covert (Vine Stalker Enchanter)      Turns: 10713, Time: 00:15:55

Health: -6/47      AC:  6    Str: 12    XL:     11   Next: 26%
Magic:  0/15       EV: 16    Int: 15    God:    Gozag
Gold:   163        SH:  5    Dex: 20    Spells: 4/14 levels left

rFire   + . .        a - +0 short sword (drain)
rCold   . . .        (no shield)
rNeg    . . .        J - +1 robe "Ismaopn" {rF+ Dex+2}
rPois   +            (no helmet)
rElec   .            r - scarf {shadows}
rCorr   .            (no gloves)
SInv    .            e - +2 pair of boots
Will    +....        n - amulet of reflection
Stlth   +++++        G - ring of poison resistance
HPRegen 1.07/turn    L - ring of wizardry
MPRegen 0.14/turn

%: reflection, guardian spirit, wizardry (x1)
@: no status effects
A: fangs 3, regeneration 1, magic shield, antimagic bite, no potion heal 2
a: Renounce Religion, Potion Petition, Call Merchant, Bribe Branch


You were on level 1 of the Lair of Beasts.
You worshipped Gozag.
Gozag was aware of your devotion.
You visited 3 branches of the dungeon, and saw 12 of its levels.

You collected 1041 gold pieces.
You spent 725 gold pieces at shops.
You paid 153 gold pieces to Gozag.

Inventory:

Hand Weapons
 a - a +0 short sword of draining (weapon)
 b - a +0 dagger of venom
Missiles
 d - 10 darts of dispersal
 i - 29 poisoned darts (quivered)
 E - 4 throwing nets
 O - 2 boomerangs
 P - 5 curare-tipped darts
Armour
 e - a +2 pair of boots (worn)
 j - a +0 buckler
 r - a scarf of shadows (worn)
 J - the +1 robe "Ismaopn" (worn) {rF+ Dex+2}
   (You found it on level 8 of the Dungeon)

   Dex+2:     It affects your dexterity (+2).
   rF+:       It protects you from fire.
Jewellery
 n - an amulet of reflection (around neck)
 G - a ring of poison resistance (left hand)
 L - a ring of wizardry (right hand)
 U - a ring of fire
Wands
 B - a wand of paralysis (10)
 K - a wand of digging (2)
 V - a wand of flame (16)
Scrolls
 f - 2 scrolls of revelation {unknown}
 h - 5 scrolls of teleportation
 m - 4 scrolls of fear
 p - 2 scrolls of torment
 v - a scroll of fog {unknown}
 x - 2 scrolls of vulnerability {unknown}
 y - 2 scrolls of poison
 z - 5 scrolls of blinking
 I - a scroll of enchant weapon {unknown}
 M - 2 scrolls of silence {unknown}
 T - a scroll of immolation {unknown}
Potions
 c - 3 potions of invisibility
 g - a potion of berserk rage
 k - 4 potions of enlightenment
 l - 6 potions of curing
 u - 3 potions of brilliance
 w - a potion of magic
 A - a potion of ambrosia
 C - 3 potions of lignification {unknown}
 D - 4 potions of heal wounds {unknown}
 F - 2 potions of haste {unknown}
 H - 3 potions of might {unknown}
 N - 2 potions of attraction {unknown}
 S - 2 potions of mutation {unknown}


   Skills:
 + Level 7.6 Short Blades
 + Level 3.6 Armour
 + Level 6.4 Dodging
 + Level 10.5 Stealth
 - Level 2.1 Spellcasting
 + Level 8.0 Hexes
 - Level 4.0 Ice Magic
 - Level 4.0 Evocations


You had 4 spell levels left.
You knew the following spells:

 Your Spells              Type           Power      Damage    Failure   Level
a - Ensorcelled Hibernat  Hex/Ice        38%        N/A       1%          2
b - Confusing Touch       Hex            25%        N/A       1%          3
c - Tukima's Dance        Hex            25%        N/A       1%          3
x - Blink                 Tloc           2%         N/A       13%         2

Your spell library contained the following spells:

 Spells                   Type           Power      Damage    Failure   Level
 Slow                     Hex            100%       N/A       1%          1
 Sigil of Binding         Hex            25%        N/A       1%          3
 Dazzling Flash           Conj/Hex       26%        N/A       5%          3
 Inner Flame              Hex/Fire       13%        N/A       5%          3
 Ozocubu's Armour         Ice            13%        N/A       5%          3
 Hailstorm                Conj/Ice       7%         3d5       12%         3
 Summon Ice Beast         Ice/Summ       7%         N/A       12%         3
 Lesser Beckoning         Tloc           2%         N/A       13%         2
 Momentum Strike          Conj/Tloc      2%         3d8       13%         2
 Fugue of the Fallen      Necr           1%         N/A       26%         3
 Vampiric Draining        Necr           1%         2d6       26%         3
 Flame Wave               Conj/Fire      1%         2d4       61%         4
 Manifold Assault         Tloc           1%         N/A       61%         4
 Sticky Flame             Fire/Alch      1%         2d4       61%         4
 Summon Forest            Summ/Tloc      0%         N/A       91%         5
 Sculpt Simulacrum        Ice/Alch       3%         N/A       99%         6
 Eringya's Noxious Bog    Alch           0%         4d6       100%        6
 Haunt                    Necr/Summ      0%         N/A       100%        7
 Summon Hydra             Summ           0%         N/A       100%        7
 Infestation              Necr           0%         N/A       100%        8
 Animate Dead             Necr           Unusable   N/A       N/A         4

Dungeon Overview and Level Annotations

Branches:
Dungeon (10/15)            Temple (1/1) D:4            Lair (1/5) D:10
    Orc: D:9-12

Altars:
Ashenzari
Cheibriados
Dithmenos
Elyvilon
Fedhas
Gozag
Hepliaklqana
Kikubaaqudgha
Makhleb
Nemelex Xobeh
Okawaru
Qazlal
Ru
Sif Muna
Trog
Uskayaw
Vehumet
Wu Jian
Xom
Yredelemnul
Zin
The Shining One
Lugonu

Shops:
D:4 (   D:5 (**?*   D:7 :   D:8 :

Annotations:
D:6 1 runed translucent door, exclusions: electric eel and 1 more exclusion, porpoise's ghost, novice GrFE
D:9 2 transporters, jejorda2's ghost, novice GnBe
D:10 3 runed translucent doors


Innate Abilities, Weirdness & Mutations

You have razor-sharp teeth.
Your natural rate of healing is unusually fast.
When hurt, damage is shared between your health and your magic reserves.
Your bite disrupts and absorbs the magic of your enemies.
Potions cannot restore your health.


Message History

Casting: Ensorcelled Hibernation (safe; 1% risk of failure)
Confirm with . or Enter, or press ? or * to list all spells.
Aiming: Ensorcelled Hibernation (safe; 1% risk of failure)
Press: ? - help, Shift-Dir - straight line, f - komodo dragon
Aim: a komodo dragon (wandering, hasn't noticed you, chance to affect: 34%)
The komodo dragon hisses angrily.
The komodo dragon easily resists.
Casting: Ensorcelled Hibernation (safe; 1% risk of failure)
Confirm with . or Enter, or press ? or * to list all spells.
Aiming: Ensorcelled Hibernation (safe; 1% risk of failure)
Press: ? - help, Shift-Dir - straight line, f/p - komodo dragon
Aim: a komodo dragon (chance to affect: 34%)
The komodo dragon easily resists.
Casting: Ensorcelled Hibernation (safe; 1% risk of failure)
Confirm with . or Enter, or press ? or * to list all spells.
Aiming: Ensorcelled Hibernation (safe; 1% risk of failure)
Press: ? - help, Shift-Dir - straight line, f/p - komodo dragon
Aim: a komodo dragon (chance to affect: 34%)
The komodo dragon easily resists.
Casting: Ensorcelled Hibernation (safe; 1% risk of failure)
Confirm with . or Enter, or press ? or * to list all spells.
Aiming: Ensorcelled Hibernation (safe; 1% risk of failure)
Press: ? - help, Shift-Dir - straight line, f/p - komodo dragon
Aim: a komodo dragon (chance to affect: 34%)
The komodo dragon easily resists.
The komodo dragon bites you!!
Casting: Ensorcelled Hibernation (safe; 1% risk of failure)
Confirm with . or Enter, or press ? or * to list all spells.
Aiming: Ensorcelled Hibernation (safe; 1% risk of failure)
Press: ? - help, Shift-Dir - straight line, f/p - komodo dragon
Aim: a komodo dragon (chance to affect: 34%)
The komodo dragon easily resists.
The komodo dragon bites you!
Casting: Ensorcelled Hibernation (safe; 1% risk of failure)
Confirm with . or Enter, or press ? or * to list all spells.
Aiming: Ensorcelled Hibernation (safe; 1% risk of failure)
Press: ? - help, Shift-Dir - straight line, f/p - komodo dragon
Aim: a komodo dragon (chance to affect: 34%)
The komodo dragon easily resists.
The komodo dragon bites you!!
Ouch! That really hurt!
You die...
Your body crumbles into a pile of gold.

##..# #... ##........P #P..# ##.#
##.[...... #...#####.# ##.#
#........ ##........# ###..#
#........ ###.####### ##....##
##....... # #.# #...#..####
###..[.. #
#.##########.###.....## ###.#. #
#.............##...#..### ###. #
####.###.##..l@.####.##.######P #
### ######..#.# #........... #
#..### ###P##..##.. # #...#
#####.##.# # #..## ##.#..# # ...#
######...P..
###############...####..........#
.....##......# ...............
#P##..##.##P.# .###.##.##.###.


You could see a komodo dragon.

Vanquished Creatures
  A two-headed ogre (D:8)
  2 cane toads (Lair:1)
  2 komodo dragons (Lair:1)
  A kobold demonologist (D:10)
  A troll (D:10)
  2 shadows
  3 wyverns (D:10)
  A wraith (D:10)
  10 yaks
  A basilisk (D:10)
  2 steam dragons
  2 acid dragons (D:10)
  3 water moccasins
  3 black bears
  3 centaurs
  2 wolves (D:10)
  2 kobold brigands
  3 bullfrogs
  4 scorpions
  A gnoll sergeant (D:8)
  3 wights (D:6)
  4 killer bees (D:7)
  2 bombardier beetles
  4 jellies
  5 orc priests
  A sleepcap (D:8)
  2 hounds
  3 gnoll boudas
  Jessica (D:2)
  5 iguanas
  6 orc wizards
  Robin (D:2)
  14 gnolls
  9 adders
  3 shadow imps
  A white imp (D:5)
  3 ufetubi
  A ribbon worm (D:2)
  2 dart slugs
  16 orcs
  5 endoplasms
  3 giant cockroaches
  20 goblins
  8 hobgoblins
  2 jackals (D:3)
  12 kobolds
  6 quokkas
  4 ball pythons
  2 bats (D:1)
  4 frilled lizards
  3 rats
204 creatures vanquished.

Vanquished Creatures (collateral kills)
  A goblin (D:3)
1 creature vanquished.

Grand Total: 205 creatures vanquished

Notes
Turn   | Place    | Note
-------+----------+-------------------------------------------
     0 | D:1      | zenocrate the Vine Stalker Enchanter began the quest for
                  | the Orb.
     0 | D:1      | Reached XP level 1. HP: 9/9 MP: 4/4
   103 | D:1      | Reached skill level 1 in Short Blades
   187 | D:1      | Reached XP level 2. HP: 13/13 MP: 4/6
   190 | D:1      | Learned a level 2 spell: Ensorcelled Hibernation
   696 | D:1      | Reached XP level 3. HP: 16/16 MP: 4/7
   700 | D:1      | Learned a level 3 spell: Confusing Touch
   764 | D:1      | Found a faded altar of an unknown god.
   886 | D:2      | Reached skill level 4 in Stealth
   979 | D:2      | Noticed Jessica
   987 | D:2      | Killed Jessica
   988 | D:2      | Reached XP level 4. HP: 21/21 MP: 5/8
  1150 | D:2      | Noticed Robin
  1174 | D:2      | Reached skill level 1 in Ice Magic
  1210 | D:2      | Killed Robin
  1211 | D:2      | Reached skill level 1 in Armour
  1350 | D:2      | Identified the +3 trident of the Inviting Gods {spect,
                  | rPois Int+3}
  1682 | D:3      | Reached XP level 5. HP: 15/24 MP: 1/9
  1920 | D:3      | Found an ancient bone altar of Kikubaaqudgha.
  2093 | D:3      | Learned a level 3 spell: Tukima's Dance
  2127 | D:3      | Reached XP level 6. HP: 17/28 MP: 4/10
  2398 | D:4      | Reached skill level 5 in Stealth
  2429 | D:4      | Found Kimpon's Antique Weapon Shop.
  2544 | D:4      | Noticed a black bear
  2550 | D:4      | Killed a black bear
  2623 | D:4      | Reached XP level 7. HP: 32/32 MP: 11/11
  2643 | D:4      | Found a broken altar of Ashenzari.
  2938 | D:4      | Found a staircase to the Ecumenical Temple.
  3025 | Temple   | Entered the Ecumenical Temple
  3232 | D:5      | Entered Level 5 of the Dungeon
  3232 | D:5      | Found Boosaiff's Assorted Antiques.
  3232 | D:5      | Found Bouhyisu's General Store.
  3232 | D:5      | Found Rehyut's Magic Scroll Boutique.
  3234 | D:5      | Bought an inky potion for 21 gold pieces
  3234 | D:5      | Bought a blue potion for 21 gold pieces
  3234 | D:5      | Bought 2 scrolls labelled EPHEAB TOAGOEJ for 48 gold pieces
  3234 | D:5      | Bought 2 inky potions for 43 gold pieces
  3234 | D:5      | Bought a scroll labelled EPHEAB TOAGOEJ for 24 gold pieces
  3528 | D:5      | Found a hazy altar of Hepliaklqana.
  3558 | D:5      | Found a basalt altar of Yredelemnul.
  3797 | D:5      | Found Wimur's Weapon Boutique.
  4066 | D:5      | Found Zin's Purification Station.
  4066 | D:5      | Found a glowing silver altar of Zin.
  4213 | D:5      | Bought a short brass wand for 96 gold pieces
  4411 | D:6      | Reached skill level 6 in Stealth
  4420 | D:6      | Gained mutation: You have razor-sharp teeth. [Vine Stalker
                  | growth]
  4420 | D:6      | Reached XP level 8. HP: 31/36 MP: 12/12
  4596 | D:6      | Found a runed translucent door.
  4596 | D:6      | Noticed porpoise's ghost (novice GrFE)
  4859 | D:6      | Noticed a shadow
  4873 | D:6      | Killed a shadow
  4966 | D:6      | Reached skill level 5 in Hexes
  5104 | D:6      | Reached skill level 5 in Short Blades
  5762 | D:7      | Reached skill level 7 in Stealth
  6044 | D:7      | Noticed a shadow
  6059 | D:7      | Killed a shadow
  6060 | D:7      | Reached skill level 1 in Evocations
  6060 | D:7      | Reached XP level 9. HP: 27/39 MP: 13/13
  6290 | D:7      | Found a white marble altar of Elyvilon.
  6599 | D:7      | Found a shimmering altar of Xom.
  6604 | D:7      | Found a bloodstained altar of Trog.
  6615 | D:7      | Found a snail-covered altar of Cheibriados.
  6649 | D:7      | Found a burning altar of Makhleb.
  6649 | D:7      | Found a hide-covered altar of Uskayaw.
  6649 | D:7      | Found an iron altar of Okawaru.
  6650 | D:7      | Found a stormy altar of Qazlal.
  6653 | D:7      | Found an opulent altar of Gozag.
  6980 | D:7      | Found Vuemir's Book Shop.
  7023 | D:7      | Learned a level 2 spell: Blink
  7294 | D:8      | Noticed a two-headed ogre
  7303 | D:8      | Killed a two-headed ogre
  7304 | D:8      | Reached skill level 8 in Stealth
  7353 | D:8      | Reached skill level 5 in Dodging
  7546 | D:8      | Identified the +1 robe "Ismaopn" {rF+ Dex+2}
  7611 | D:8      | Found Cioshify's Book Shop.
  7674 | D:7      | Became a worshipper of Gozag Ym Sagoz the Greedy
  7944 | D:8      | Reached XP level 10. HP: 44/44 MP: 14/14
  8139 | D:9      | Reached skill level 9 in Stealth
  8164 | D:9      | Noticed jejorda2's ghost (novice GnBe)
  8165 | D:9      | Found a transporter.
  8591 | D:9      | Noticed a two-headed ogre
  8591 | D:9      | Noticed a two-headed ogre
  8592 | D:9      | Identified the +6 dire flail "Bualyuvi" {drain, rPois rC++
                  | Dex+2}
  8592 | D:9      | Identified the +7 giant spiked club "Grim Tooth" {vamp,
                  | ^Contam rPois rCorr Str+3}
  8592 | D:9      | Noticed a two-headed ogre
  8593 | D:9      | Found a transporter.
  8593 | D:9      | Noticed a two-headed ogre
  8676 | D:10     | Entered Level 10 of the Dungeon
  8697 | D:10     | Noticed a kobold demonologist
  8716 | D:10     | Killed a kobold demonologist
  8832 | D:10     | Found a staircase to the Lair.
  8914 | D:10     | Reached skill level 10 in Stealth
  9019 | D:10     | Found a blossoming altar of Fedhas.
  9113 | D:10     | Reached XP level 11. HP: 47/47 MP: 15/15
  9265 | D:10     | Found a runed translucent gate.
  9265 | D:10     | Found a runed translucent gate.
  9268 | D:10     | Found a runed translucent gate.
  9268 | D:10     | Noticed a glowing orange brain
  9269 | D:10     | Noticed a purple ugly thing
  9271 | D:10     | Noticed a red ugly thing
  9272 | D:10     | Noticed a green ugly thing
  9606 | D:10     | Noticed a brown ugly thing
  9607 | D:10     | Noticed a red ugly thing
  9797 | D:5      | Bought 3 scrolls of blinking for 337 gold pieces
  9797 | D:5      | Bought a scroll of identify for 30 gold pieces
  9797 | D:5      | Bought a scroll of teleportation for 45 gold pieces
  9797 | D:5      | Bought a scroll of fear for 60 gold pieces
  9971 | Lair:1   | Entered Level 1 of the Lair of Beasts
 10083 | D:10     | Noticed a mana viper
 10086 | D:10     | a mana viper changed into a merfolk
 10713 | Lair:1   | Mangled by a komodo dragon

Illustrated notes

Levels and vault maps discovered:
D:1:      onia_arrival_mini_spirals, layout_basic,
          dilly_ecumenical_altar_fadedgnrine
D:2:      wander_river, layout_loops_ring, uniq_robin, uniq_jessica
D:3:      layout_loops_cross, kiku_gazebo_garden_becter, minmay_goblin_outpost
D:4:      layout_cave_pools, mainiacjoe_overflow_catwalk, temple_doors_ab,
          serial_shops, shop, kennysheep_pointless_box, minmay_bisected
D:5:      nicolae_BIG_FREAKIN_CUBE, layout_loops_ring, zin_purify,
          mainiacjoe_overflow_swirl, serial_shops, shop,
          nicolae_shop_distant_corner_stores, grunt_ministairs_4
D:6:      cheibrodos_two_vegetables, layout_basic,
          hellmonk_ghost_happy_afterlife, grunt_ministairs_11
D:7:      layout_basic, nicolae_elyvilon_peaceful_grove, minitemple,
          kennysheep_windowed_goal
D:8:      layout_gridville, serial_shops, nicolae_shop_advertising_works
          [nicolae_subvault_shop_adworks]
D:9:      layout_rooms, gammafunk_ghost_smash
D:10:     layout_roguey, fedhas_ov_isle_minmay, minmay_lair_entry_grove,
          ploomutoo_gammafunk_ghost_potion_laboratory
Temple:   corrupted_temple
Lair:1:   lemuel_reptile_caves, layout_loops_ring, serial_bayou_shore_a,
          lemuel_fruit_fields, uniq_gastronok

Skill      XL: |  1  2  3  4  5  6  7  8  9 10 11 |
---------------+----------------------------------+-----
Short Blades   | 1 2 3 5 6 7 |  7.6
Stealth        | 4 5 6 7 8 10 | 10.5
Dodging        | 2 3 4 5 6 |  6.4
Ice Magic      | 1 2 3 4 |  4.0
Armour         | 1 3 |  3.6
Hexes          | 4 5 6 7 8 |  8.0
Evocations     | 1 3 4 |  4.0
Spellcasting   | |  2.1

Action                     |  1- 3 |  4- 6 |  7- 9 | 10-12 || total
---------------------------+-------+-------+-------+-------++-------
  Melee: Dagger            |    84 |   142 |   291 |    25 ||   542
         Bite              |    17 |    32 |   104 |    76 ||   229
         Punch             |       |     1 |     4 |     3 ||     8
         Short sword       |       |       |       |   178 ||   178
  Throw: Dart              |       |       |     2 |       ||     2
   Cast: Ensorcelled Hiber |     6 |    14 |    55 |    41 ||   116
         Tukima's Dance    |       |     1 |       |       ||     1
         Confusing Touch   |       |       |     6 |     2 ||     8
  Evoke: Wand              |       |       |     4 |     1 ||     5
    Use: Scroll            |       |       |     8 |     8 ||    16
         Potion            |       |       |     1 |       ||     1
   Stab: Sleeping          |     8 |    15 |    37 |    22 ||    82
         Confused          |       |       |     2 |     1 ||     3
         Paralysed         |       |       |     1 |     1 ||     2
         Distracted        |       |       |       |     1 ||     1
 Armour: Robe              |    41 |    42 |       |   118 ||   201
         Animal skin       |       |    33 |   137 |       ||   170
  Dodge: Dodged            |    40 |    69 |   199 |   123 ||   431
  Block: Other             |     6 |    30 |    55 |    32 ||   123
         Reflection        |       |     2 |       |     1 ||     3

Table legend: (Time is in decaauts)
 A = Elapsed time spent in this place.
 B = Non-inter-level travel time spent in this place.
 C = Inter-level travel time spent in this place.
 D = Time resting spent in this place.
 E = Time spent auto-exploring this place.
 F = Levels seen in this place.
 G = Mean time per level.
                   A        B        C        D        E       F      G
               +--------+--------+--------+--------+--------+-----+--------+
         Total |  10640 |   9645 |    995 |    140 |   7640 |  12 |  886.7 |
       Dungeon |  10015 |   9046 |    969 |    140 |   7195 |  10 | 1001.5 |
        Temple |      1 |      1 |      0 |      0 |      0 |   1 |    1.0 |
          Lair |    623 |    598 |     25 |      0 |    445 |   1 |  623.0 |
               +--------+--------+--------+--------+--------+-----+--------+

Top non-repeatable levels by time:
     D:7: 1669 daAuts
     D:6: 1535 daAuts
    D:10: 1126 daAuts
     D:5: 995 daAuts
     D:4: 926 daAuts
     D:1: 846 daAuts
     D:8: 844 daAuts
     D:3: 761 daAuts
     D:2: 749 daAuts
  Lair:1: 623 daAuts
     D:9: 560 daAuts
  Temple: 1 daAuts
